 Dungeon Crawl Stone Soup version bcrawl-1.21.3 (webtiles) character file.

Game seed: 5312219307009437359

66 Lauz the Slasher (level 4, 0/28 HPs)
             Began as an Avariel Reaver on Mar 23, 2020.
             Was a Follower of Vehumet.
             Killed from afar by Terence (8 damage)
             ... with a wand of flame (19)
             ... on level 2 of the Dungeon.
             The game lasted 00:05:35 (2040 turns).

Lauz the Slasher (Avariel Reaver)                   Turns: 2040, Time: 00:05:35

Health: 0/28       AC:  5    Str: 10    XL:     4   Next: 15%
Magic:  10/10      EV: 13    Int: 20    God:    Vehumet [*.....]
Gold:   106        SH:  1    Dex: 11    Spells: 7/8 levels left

rFire    . . .     SeeInvis .   a - +0 long sword
rCold    . . .     Gourm    .   (no shield)
rNeg     . . .     Faith    .   b - +0 steam dragon scales
rPois    .         Spirit   .   (no helmet)
rElec    .         Reflect  .   (no cloak)
rCorr    .         Harm     .   (no gloves)
MR       .....                  (no boots)
Stlth    +.........             (no amulet)
HPRegen  0.09/turn              (no ring)
MPRegen  0.12/turn              (no ring)

@: no status effects
A: no striking features
a: Renounce Religion


You were on level 2 of the Dungeon.
You worshipped Vehumet.
Vehumet was aware of your devotion.
You were hungry.

You visited 1 branch of the dungeon, and saw 2 of its levels.

You collected 106 gold pieces.

Inventory:

Hand Weapons
 a - a +0 long sword (weapon)
Armour
 b - +0 steam dragon scales (worn)
 f - a +0 buckler
Scrolls
 d - a scroll of immolation
 g - a scroll of remove curse {unknown}
 h - 2 scrolls of teleportation {unknown}
 k - a scroll of identify {unknown}
Potions
 c - a potion of haste
 i - a potion of berserk rage {unknown}
 j - a potion of curing {unknown}
Comestibles
 e - a ration {!d}


   Skills:
 + Level 3.1 Fighting
 * Level 4.6 Long Blades
 + Level 3.6 Dodging
 + Level 2.8 Spellcasting


You had 7 spell levels left.
You knew the following spells:

 Your Spells              Type           Power        Failure   Level  Hunger
a - Freeze                Ice            #.....       4%          1    None

Your spell library contained the following spells:

 Spells                   Type           Power        Failure   Level  Hunger
 Iskenderun's Battlesphe  Conj/Chrm      #.......     67%         5    ######.


Dungeon Overview and Level Annotations

Branches:
Dungeon (2/12)

Altars:

Annotations:
D:2 Terence


Message History

The worm bites you.
Casting: Freeze (safe; 4% risk of failure)
Confirm with . or Enter, or press ? or * to list all spells.
Aiming: Freeze (safe; 4% risk of failure)
Press: ? - help, Shift-Dir - straight line, f/p - worm
Aim: a worm (heavily wounded)
You miscast Freeze.
You are very lightly contaminated with residual magic.
A chill runs through your body. The worm bites you!
You slash the worm!
The worm is severely wounded.
You hit the worm.
The worm is almost dead.
The worm bites you.
* * * LOW HITPOINT WARNING * * *
You see here a giant cockroach corpse.
Your magical contamination has completely faded away.
A leopard gecko comes into view.
Terence zaps a wand.
The puff of flame hits you!
You die...

# #.# #.# #....).....
#.# #.# ##..#####..#
##.###.###...# ..#
#.........().# ..#
#.(....###.))#####..o
#@##w#.# #.<.........
#.##.#.# #...#####.(#
#.##.#.####.## ...
#.###.##@#>...l.#
#......@...######
#####.............
#......l######
#.......# #........>
#...........
#.##....#### #.
##.#..


You could see Terence, a worm and a leopard gecko (wandering).

Vanquished Creatures
  2 adders
  An ooze (D:1)
  A worm (D:2)
  A dart slug (D:2)
  A leopard gecko (D:2)
  An orc (D:2)
  2 giant cockroaches
  4 goblins
  4 hobgoblins
  10 kobolds
  A quokka (D:2)
  2 bats (D:1)
  3 frilled lizards (D:1)
  2 rats (D:1)
35 creatures vanquished.

Notes
Turn   | Place    | Note
-------+----------+-------------------------------------------
     0 | D:1      | Lauz the Avariel Reaver began the quest for the Orb.
     0 | D:1      | Reached XP level 1. HP: 13/13 MP: 6/6
   320 | D:1      | Reached XP level 2. HP: 16/18 MP: 7/7
  1051 | D:2      | Reached XP level 3. HP: 18/23 MP: 9/9
  1056 | D:2      | Noticed Terence
  1079 | D:1      | Reached skill level 4 in Long Blades
  1873 | D:1      | Reached XP level 4. HP: 25/28 MP: 10/10
  1973 | D:2      | Reached * piety under Vehumet
  1973 | D:2      | Offered knowledge of Freeze by Vehumet.
  1976 | D:2      | Learned a level 1 spell: Freeze
  2040 | D:2      | Killed from afar by Terence

Skill      XL: |  1  2  3 |
---------------+----------+-----
Fighting       | 3 |  3.1
Long Blades    | 4 |  4.6
Dodging        | |  3.6
Spellcasting   | |  2.8

Action                   |  1- 3 |  4- 6 || total
-------------------------+-------+-------++-------
Melee: Long sword        |   105 |    20 ||   125
 Cast: Freeze            |       |     1 ||     1
  Eat: Chunk             |     3 |       ||     3
Armor: Steam dragon scal |    23 |     5 ||    28
Dodge: Dodged            |    72 |     8 ||    80
Block: Other             |     2 |       ||     2
